 Dungeon Crawl Stone Soup version 0.26-b1-32-g5d43845318 (webtiles) character file.

Game seed: 11668218644749426931

8334 dohliylev the Covert (level 11, -30/63 HPs)
             Began as a Vampire Enchanter on Jan 9, 2021.
             Was an Elder of Nemelex Xobeh.
             Killed from afar by an electric eel (54 damage)
             ... with an exploding inner flame
             ... on level 10 of the Dungeon.
             The game lasted 00:43:17 (9643 turns).

dohliylev the Covert (Vampire Enchanter)            Turns: 9643, Time: 00:43:20

Health: -30/63     AC: 11    Str: 15    XL:     11   Next: 8%
Magic:  9/15       EV: 22    Int: 20    God:    Nemelex Xobeh [****..]
Gold:   766        SH:  0    Dex: 16    Spells: 0/16 levels left

rFire    x . .     SeeInvis +   l - +7 dagger of Oily Tortfeasance {flame, +Rage rPois rF- Str+8}
rCold    + + .     Faith    .   (no shield)
rNeg     + + +     Spirit   .   N - +2 robe {Will+}
rPois    ∞         Reflect  .   m - +2 helmet
rElec    .         Harm     .   x - +0 cloak
rCorr    .         Rampage  .   q - +0 pair of gloves
Will     ++...                  H - +1 pair of boots
Stlth    ++++++++..             t - amulet of magic regeneration
HPRegen  0.20/turn              I - +4 ring of evasion
MPRegen  0.39/turn              L - ring of wizardry

@: bloodless
A: fangs 3, see invisible, unbreathing
a: Bat Form, Revivify, Renounce Religion, Evoke Berserk Rage, Draw Escape, Draw
Destruction, Draw Summoning, Triple Draw, Deal Four


You were on level 10 of the Dungeon.
You worshipped Nemelex Xobeh.
Nemelex Xobeh was greatly pleased with you.
You visited 2 branches of the dungeon, and saw 11 of its levels.

You collected 766 gold pieces.

Inventory:

Hand Weapons
 l - the +7 dagger of Oily Tortfeasance (weapon) {flame, +Rage rPois rF- Str+8}
   (You found it on level 9 of the Dungeon)

   It has been specially enchanted to burn those struck by it, causing extra
   injury to most foes and up to half again as much damage against particularly
   susceptible opponents.
   It affects your strength (+8).
   It makes you vulnerable to fire.
   It protects you from poison.
   It lets you go berserk.
Armour
 m - a +2 helmet (worn)
 q - a +0 pair of gloves (worn)
 x - a +0 cloak (worn)
 H - a +1 pair of boots (worn)
 J - a +0 troll leather armour
 N - a +2 robe of willpower (worn)
Jewellery
 p - a cursed ring of attention {unknown}
 t - an amulet of magic regeneration (around neck)
 I - a +4 ring of evasion (left hand)
 L - a ring of wizardry (right hand)
Wands
 a - a wand of flame (6)
 j - a wand of acid (5)
 v - a wand of polymorph (13)
 M - a wand of paralysis (9)
Scrolls
 b - 2 scrolls of fear
 d - a scroll of blinking {unknown}
 e - 4 scrolls of enchant armour {unknown}
 g - 3 scrolls of amnesia {unknown}
 h - 5 scrolls of teleportation
 i - 4 scrolls of enchant weapon {unknown}
 o - 5 scrolls of remove curse {unknown}
 w - 3 scrolls of fog {unknown}
 y - a scroll of noise {unknown}
 D - 10 scrolls of identify
 E - a scroll of acquirement {unknown}
Potions
 c - 3 potions of heal wounds {unknown}
 f - 5 potions of invisibility {unknown}
 k - 5 potions of attraction {unknown}
 n - a potion of resistance {unknown}
 r - 4 potions of degeneration {unknown}
 s - 2 potions of haste {unknown}
 u - a potion of magic {unknown}
 z - a potion of experience {unknown}
 A - 2 potions of cancellation {unknown}
 B - a potion of might {unknown}
 C - a potion of mutation {unknown}
 F - a potion of flight {unknown}


   Skills:
 - Level 5.1 Fighting
 - Level 10.2 Short Blades
 - Level 8.6 Dodging
 - Level 14.2 Stealth
 - Level 3.0 Spellcasting
 + Level 8.8 Hexes


You couldn't memorise any spells.
You knew the following spells:

 Your Spells              Type           Power        Failure   Level
a - Corona                Hex            42%          1%          1
b - Ensorcelled Hibernat  Hex/Ice        40%          1%          2
c - Tukima's Dance        Hex            38%          1%          3
d - Confusing Touch       Hex            38%          1%          3
e - Cause Fear            Hex            19%          1%          4
f - Inner Flame           Hex/Fire       20%          2%          3

Your spell library contained the following spells:

 Spells                   Type           Power        Failure   Level
 Slow                     Hex            38%          1%          2
 Dazzling Flash           Conj/Hex       40%          2%          3
 Portal Projectile        Hex/Tloc       40%          2%          3
 Freeze                   Ice            12%          6%          1
 Leda's Liquefaction      Hex/Erth       10%          9%          4
 Frozen Ramparts          Ice            6%           16%         3
 Ozocubu's Armour         Ice            3%           16%         3
 Hailstorm                Conj/Ice       3%           45%         4
 Summon Ice Beast         Ice/Summ       3%           45%         4


Dungeon Overview and Level Annotations

Branches:
Dungeon (10/15)            Temple (1/1) D:5             Orc (0/2) D:10
   Lair: D:8-11

Altars:
Ashenzari
Dithmenos
Elyvilon
Fedhas
Gozag
Hepliaklqana
Kikubaaqudgha
Makhleb
Nemelex Xobeh
Okawaru
Qazlal
Ru
Sif Muna
Trog
Uskayaw
Vehumet
Wu Jian
Xom
Yredelemnul
Zin

Shops:
D:9 *


Innate Abilities, Weirdness & Mutations

You do not regenerate when monsters are visible.
You are frail without blood (-20% HP).
You can heal yourself when you bite living creatures.
You are immune to poison.
You have razor-sharp teeth.
You have supernaturally acute eyesight. (SInv)
You can survive without breathing.


Message History

The sky beast is severely wounded.
The sky beast hits you. The sky beast shocks you.
You hit the sky beast. You burn the sky beast.
You kill the sky beast!
The electric eel shoots out a bolt of lightning at you!
The bolt of electricity hits you.
The electric eel shoots out a bolt of lightning at you!
The bolt of electricity hits you!
You puncture the electric eel!
Flame seeps out of the electric eel.
You burn the electric eel.
Flame seeps out of the electric eel.
The electric eel is severely wounded.
You hit the electric eel.
Flame seeps out of the electric eel.
You burn the electric eel.
Flame seeps out of the electric eel.
The electric eel is almost dead.
The electric eel is engulfed in blazing flames.
The electric eel explodes!
The fiery explosion engulfs you!!! The fire burns you terribly!
Ouch! That really hurt!
You die...
Your body disappears without a glow.

#≈≈.....# #.#
#≈≈.....# #.#
#≈≈.....# #.#
≈####≈≈.....# #.#
≈≈≈≈≈≈≈...$.# #.#
≈≈≈≈≈≈≈.....# #.#
≈≈≈≈≈≈≈.....# #.#
≈≈≈≈≈§§§...## #.#
≈≈≈≈≈§○@...# #(#
...# ≈≈≈≈≈§§....#
#)# ...#
≈≈≈≈≈≈.....#######)#
...#
≈≈≈≈≈≈#####).).....#
...# ≈≈≈≈≈≈
##.####### ...#
≈≈≈≈≈≈ #.# ...#
≈≈≈≈≈ #.#### ...#
≈≈≈≈# #....#
...##### ####.#


There were no monsters in sight!

Vanquished Creatures
  A two-headed ogre (D:8)
  A necromancer (D:10)
  Pikel (D:5)
  2 trolls
  A hornet (D:9)
  2 wyverns
  A vampire (D:8)
  8 yaks
  Menkaure (D:5)
  2 steam dragons (D:9)
  Duvessa (D:5)
  A water moccasin (D:7)
  3 ice beasts
  3 phantoms
  4 orc warriors
  3 sky beasts
  A black bear (D:8)
  3 ogres
  2 centaurs
  A lemure (D:5)
  5 bullfrogs
  Dowan (D:5)
  A scorpion (D:7)
  A wyvern skeleton (D:9)
  A water moccasin skeleton (D:5)
  3 killer bees (D:9)
  An electric eel (D:10)
  3 howler monkeys
  A bullfrog zombie (D:9)
  2 jellies
  2 bullfrog skeletons
  Crazy Yiuf (D:2)
  7 orc priests
  An iguana (D:7)
  14 orc wizards
  7 polar bear simulacra (D:10)
  3 worker ants
  2 wolf simulacra (D:10)
  A hound skeleton (D:4)
  A hound zombie (D:8)
  A worker ant zombie (D:5)
  7 gnolls
  13 adders
  5 shadow imps
  3 white imps
  3 ufetubi
  An adder zombie (D:9)
  3 adder skeletons
  2 worms (D:4)
  A dart slug (D:3)
  6 leopard geckos
  35 orcs
  A ball python (D:7)
  4 giant cockroaches
  4 goblins
  11 hobgoblins
  11 jackals
  5 quokkas
  2 bats (D:1)
  5 frilled lizards
  3 kobolds
  A quokka zombie (D:5)
  5 rats
  2 river rat simulacra (D:10)
234 creatures vanquished.

Vanquished Creatures (others)
  A dancing weapon (D:5)
  A plant (D:10)
2 creatures vanquished.

Grand Total: 236 creatures vanquished

Notes
Turn   | Place    | Note
-------+----------+-------------------------------------------
     0 | D:1      | dohliylev the Vampire Enchanter began the quest for the
                  | Orb.
     0 | D:1      | Reached XP level 1. HP: 13/13 MP: 3/3
   410 | D:1      | Reached XP level 2. HP: 19/19 MP: 5/5
   769 | D:2      | Learned a level 2 spell: Ensorcelled Hibernation
   940 | D:2      | Reached skill level 5 in Hexes
   991 | D:2      | Found a runed translucent door.
   992 | D:2      | Noticed Crazy Yiuf
  1031 | D:2      | Reached skill level 5 in Stealth
  1031 | D:2      | Reached XP level 3. HP: 19/19 MP: 6/6
  1035 | D:2      | Learned a level 3 spell: Tukima's Dance
  1288 | D:2      | Found an ornate altar of the Wu Jian Council.
  1682 | D:2      | Found a sparkling altar of Nemelex Xobeh.
  1689 | D:2      | Became a worshipper of Nemelex Xobeh the Trickster
  1788 | D:2      | Killed Crazy Yiuf
  1789 | D:2      | Reached skill level 6 in Stealth
  1789 | D:2      | Reached XP level 4. HP: 24/24 MP: 1/7
  2422 | D:3      | Reached skill level 7 in Stealth
  2430 | D:3      | Reached XP level 5. HP: 28/28 MP: 3/8
  3029 | D:4      | Reached * piety under Nemelex Xobeh
  3038 | D:4      | Found a blossoming altar of Fedhas.
  3040 | D:4      | Reached skill level 8 in Stealth
  3514 | D:4      | Reached skill level 9 in Stealth
  3514 | D:4      | Reached XP level 6. HP: 33/33 MP: 9/9
  3584 | D:4      | Learned a level 3 spell: Confusing Touch
  3600 | D:4      | Reached skill level 10 in Stealth
  3628 | D:4      | Found an ancient bone altar of Kikubaaqudgha.
  3882 | D:5      | Entered Level 5 of the Dungeon
  3909 | D:5      | Found a shadowy altar of Dithmenos.
  4074 | D:5      | Found a staircase to the Ecumenical Temple.
  4087 | Temple   | Entered the Ecumenical Temple
  4322 | D:5      | Received a gift from Nemelex Xobeh
  4449 | D:5      | Reached skill level 11 in Stealth
  4449 | D:5      | Reached XP level 7. HP: 37/37 MP: 10/10
  4510 | D:5      | Noticed Duvessa
  4510 | D:5      | Noticed Dowan
  4511 | D:5      | Killed Duvessa
  4528 | D:5      | Killed Dowan
  4625 | D:5      | Reached skill level 12 in Stealth
  4748 | D:5      | Noticed Pikel
  4758 | D:5      | Killed Pikel
  4759 | D:5      | Reached skill level 1 in Fighting
  4759 | D:5      | Reached skill level 14 in Stealth
  4759 | D:5      | Reached XP level 8. HP: 43/43 MP: 9/11
  4792 | D:5      | Noticed Menkaure
  4793 | D:5      | Killed Menkaure
  5261 | D:6      | Reached ** piety under Nemelex Xobeh
  5344 | D:6      | Reached XP level 9. HP: 52/53 MP: 3/12
  5443 | D:6      | Reached skill level 5 in Fighting
  5838 | D:7      | Received a gift from Nemelex Xobeh
  5857 | D:7      | Reached skill level 5 in Dodging
  6269 | D:8      | Received a gift from Nemelex Xobeh
  6444 | D:8      | Reached *** piety under Nemelex Xobeh
  6463 | D:8      | Noticed a troll
  6467 | D:8      | Killed a troll
  6567 | D:8      | Found a broken altar of Ashenzari.
  6568 | D:8      | Found a hide-covered altar of Uskayaw.
  6568 | D:8      | Found an ornate altar of the Wu Jian Council.
  6568 | D:8      | Found a hazy altar of Hepliaklqana.
  7049 | D:8      | Reached skill level 5 in Short Blades
  7049 | D:8      | Reached XP level 10. HP: 59/59 MP: 11/13
  7050 | D:8      | Noticed a two-headed ogre
  7055 | D:8      | Killed a two-headed ogre
  7514 | D:9      | Learned a level 4 spell: Cause Fear
  7557 | D:9      | Received a gift from Nemelex Xobeh
  7904 | D:9      | Got a transparent dagger
  7905 | D:9      | Identified the +7 dagger of Oily Tortfeasance {flame, +Rage
                  | rPois rF- Str+8} (You found it on level 9 of the Dungeon)
  7954 | D:9      | Received a gift from Nemelex Xobeh
  8007 | D:9      | Found Rad Usor's General Store.
  8276 | D:9      | Reached skill level 10 in Short Blades
  8376 | D:9      | Found a hazy altar of Hepliaklqana.
  8701 | D:10     | Entered Level 10 of the Dungeon
  8957 | D:10     | Found a staircase to the Orcish Mines.
  9099 | D:10     | Noticed a necromancer
  9125 | D:10     | Killed a necromancer
  9126 | D:10     | Reached XP level 11. HP: 63/63 MP: 15/15
  9454 | D:10     | Reached **** piety under Nemelex Xobeh
  9625 | D:10     | Learned a level 3 spell: Inner Flame
  9643 | D:10     | Killed from afar by an electric eel

Illustrated notes

Levels and vault maps discovered:
D:1:      wander_arrival_lonely_grave, layout_basic, minmay_strange_pillars
D:2:      layout_loops_ring, lemuel_round_altar, nicolae_overflow_hidden_temple,
          uniq_crazy_yiuf_cottage
D:3:      layout_loops_corners, roderic_lattice_a
D:4:      layout_loops_ring, lemuel_crystal_altar,
          chequers_serial_rivers_small_b, fedhas_altar_1
D:5:      layout_loops_corners, minmay_temple_entry_offerings,
          nicolae_dithmenos_shadow_blocks, uniq_pikel, uniq_menkaure,
          uniq_duvessa
D:6:      layout_basic
D:7:      layout_gridville
D:8:      minmay_the_grid_octo_tiled_octocenter [minmay_the_grid_octo_clover_2,
          minmay_the_grid_octo_shrine, minmay_the_grid_octo_toaster,
          minmay_the_grid_octo_odd_swirl, minmay_the_grid_octo_prize_big_c,
          minmay_the_grid_square_5x5_six_small,
          minmay_the_grid_square_5x5_half_checkered,
          minmay_the_grid_square_5x5_eight, minmay_the_grid_square_5x5_inner_z],
          layout_loops_corners
D:9:      layout_loops_corners, kennysheep_mini_moat, serial_shops,
          nicolae_shop_statue_plus
D:10:     lemuel_troll_bridge, layout_basic, david_orc_2, eino_house_with_fridge
Temple:   minmay_temple_bridge_d

Skill      XL: |  1  2  3  4  5  6  7  8  9 10 11 |
---------------+----------------------------------+-----
Hexes          | 5 6 7 8 |  8.8
Stealth        | 5 6 7 9 11 14 | 14.2
Fighting       | 1 4 5 |  5.1
Dodging        | 4 8 |  8.6
Short Blades   | 5 10 | 10.2
Spellcasting   | 3 |  3.0

Action                   |  1- 3 |  4- 6 |  7- 9 | 10-12 || total
-------------------------+-------+-------+-------+-------++-------
Melee: Dagger            |   102 |    78 |   153 |   199 ||   532
       Bite              |     8 |     1 |     9 |    17 ||    35
       Unarmed           |       |     1 |       |       ||     1
 Cast: Corona            |     7 |     1 |       |     2 ||    10
       Ensorcelled Hiber |    11 |    17 |    43 |    37 ||   108
       Tukima's Dance    |     1 |       |     1 |       ||     2
       Confusing Touch   |       |     2 |     7 |    20 ||    29
       Inner Flame       |       |       |       |     3 ||     3
Invok: Draw Destruction  |       |       |     1 |     7 ||     8
 Abil: Exsanguinate      |     1 |       |       |       ||     1
       End Transformatio |       |     1 |       |       ||     1
       Bat Form          |       |     1 |       |       ||     1
       Revivify          |       |       |       |     1 ||     1
Evoke: Wand              |     1 |       |       |       ||     1
  Use: Scroll            |       |       |       |     3 ||     3
 Stab: Sleeping          |    18 |    34 |    66 |    30 ||   148
       Confused          |       |     4 |     6 |    10 ||    20
       Distracted        |       |       |     1 |     1 ||     2
Armor: Robe              |    27 |    14 |    30 |    17 ||    88
Dodge: Dodged            |    55 |    33 |    71 |   116 ||   275
